 Dungeon Crawl Stone Soup version 0.24.1 (webtiles) character file.

Game seed: 2598763145399592199, levelgen mode: deterministic

2798 mortelune the Martial Artist (level 9, -5/61 HPs)
             Began as an Octopode Transmuter on Mar 26, 2020.
             Was an Initiate of Dithmenos.
             Killed by divine providence
             ... invoked by an orc priest
              (10 damage)
             ... on level 6 of the Dungeon.
             The game lasted 00:24:00 (9328 turns).

mortelune the Martial Artist (Octopode Transmuter)  Turns: 9328, Time: 00:24:01

Health: -5/61      AC:  1    Str:  9    XL:     9   Next: 71%
Magic:  14/14      EV: 14    Int: 19    God:    Dithmenos [......]
Gold:   347        SH:  2    Dex: 12    Spells: 5/15 levels left

rFire    . . .     SeeInvis .     - Unarmed
rCold    + . .     Gourm    .   (no shield)
rNeg     . . .     Faith    .   (helmet restricted)
rPois    .         Spirit   .   v - +2 amulet of reflection
rElec    .         Reflect  +   i - ring of wizardry
rCorr    .         Harm     .   t - ring of protection from magic
MR       +....                  r - ring of protection from cold
Stlth    ++........             (no ring)
HPRegen  0.20/turn              (no ring)
MPRegen  0.14/turn              (no ring)
                                (no ring)
                                (no ring)

@: no status effects
A: almost no armour, stealthy swim, amphibious, 8 rings, constrict 8, camouflage
1, gelatinous body 1
a: Renounce Religion


You were on level 6 of the Dungeon.
You worshipped Dithmenos.
Dithmenos was noncommittal.
You were hungry.

You visited 1 branch of the dungeon, and saw 7 of its levels.

You collected 347 gold pieces.

Inventory:

Hand Weapons
 a - a +0 hunting sling
Missiles
 j - 171 stones (quivered)
 p - 15 arrows
 s - 44 sling bullets
Jewellery
 i - a ring of wizardry (left tentacle)
 r - a ring of protection from cold (on tentacle)
 t - a ring of protection from magic (right tentacle)
 v - a +2 amulet of reflection (around mantle)
Wands
 w - a wand of clouds (4)
Scrolls
 d - 5 scrolls of remove curse
 l - 3 scrolls of identify
 n - a scroll of immolation {unknown}
 o - a scroll of noise {unknown}
 u - a scroll of random uselessness {unknown}
 x - a scroll of magic mapping {unknown}
 y - a scroll of enchant weapon {unknown}
Potions
 b - 2 potions of lignification
 f - 2 potions of flight {unknown}
 g - a potion of curing
 h - a potion of heal wounds {unknown}
 k - 3 potions of berserk rage {unknown}
 q - a potion of might {unknown}
 z - a potion of cancellation {unknown}
Comestibles
 c - 7 rations


   Skills:
 + Level 5.3 Fighting
 - Level 2.6 Dodging
 * Level 8.5 Unarmed Combat
 - Level 3.8 Spellcasting
 * Level 7.1 Transmutations
 + Level 3.7 Ice Magic


You had 5 spell levels left.
You knew the following spells:

 Your Spells              Type           Power        Failure   Level  Hunger
a - Beastly Appendage     Tmut           ####..       1%          1    None
b - Sticks to Snakes      Tmut           ####....     1%          2    ##.....
c - Spider Form           Tmut/Pois      ###.......   4%          3    ###....
d - Ice Form              Ice/Tmut       ###.....     6%          4    ####...

Your spell library contained the following spells:

 Spells                   Type           Power        Failure   Level  Hunger
 Summon Small Mammal      Summ           #...         6%          1    None
 Call Imp                 Summ           #.......     9%          2    ##.....
 Blade Hands              Tmut           ####......   9%          5    ######.
 Call Canine Familiar     Summ           #.......     16%         3    ###....
 Summon Guardian Golem    Hex/Summ       #.......     16%         3    ###....
 Summon Ice Beast         Ice/Summ       ##......     26%         4    ####...
 Summon Lightning Spire   Summ/Air       #.......     45%         4    ####...


Dungeon Overview and Level Annotations

Branches:
Dungeon (7/15)
 Temple: D:4-7

Altars:
Cheibriados
Dithmenos
Fedhas
Okawaru
Ru
Wu Jian
Yredelemnul
Zin


Innate Abilities, Weirdness & Mutations

You cannot wear most types of armour.
You are very stealthy in the water. (Stealth+)
You are amphibious.
You can wear up to eight rings at the same time.
You can use your tentacles to constrict eight enemies at once.
Your skin changes colour to match your surroundings (Stealth+).
Your rubbery body absorbs attacks. (AC +1, EV +1)


Message History

As you read the scroll labeled HUCA FEIRESCH, it crumbles to dust.
It is a scroll of enchant armour.
You aren't carrying any armour which can be enchanted further.
A leopard gecko comes into view.
The orc hits you but does no damage. The orc priest misses you.
The orc barely misses you. The orc closely misses you.
The orc priest closely misses you.
You feel better. The orc hits you with a +0 dagger. The orc priest misses you.
The orc barely misses you.
The orc priest calls down the wrath of Beogh upon you.
Pain shoots through your body!
* * * LOW HITPOINT WARNING * * *
The orc misses you. The orc priest closely misses you. The orc hits you.
* * * LOW HITPOINT WARNING * * *
The leopard gecko barely misses you. The leopard gecko bites you.
* * * LOW HITPOINT WARNING * * *
The orc priest mumbles some strange prayers to Beogh against you.
Beogh smites you!
You die...

#... .# .... ..#
#..# ..# #..###..##
#........#
#........#
#........# #.@#
##.l## #.ooo#
#..o.# #####
##.o.###+##...#
#...##..##...####+
....g.............
......g............
+###..##g.##>g.##..


You could see a gnoll shaman, 2 orc priests, 3 orcs and a leopard gecko.

Vanquished Creatures
  2 centaur zombies (D:7)
  A centaur skeleton (D:7)
  Grinder (D:5)
  2 sky beasts
  An ice beast (D:7)
  5 ogres
  A scorpion (D:5)
  2 jellies (D:5)
  3 wights
  A howler monkey (D:5)
  3 crimson imps
  2 hounds
  2 orc priests (D:4)
  A bullfrog skeleton (D:5)
  3 orc wizards
  3 worker ants (D:5)
  3 iguanas
  2 hound skeletons
  4 adders
  3 shadow imps
  An ooze (D:2)
  4 adder skeletons (D:4)
  A worm (D:2)
  A dart slug (D:3)
  4 leopard geckos
  12 orcs
  6 ball pythons
  5 giant cockroaches
  5 goblins
  10 hobgoblins
  A jackal (D:3)
  10 kobolds
  A quokka (D:6)
  5 bats
  11 frilled lizards
  A jackal skeleton (D:2)
  2 leopard gecko skeletons
  A quokka skeleton (D:4)
  11 rats
137 creatures vanquished.

Vanquished Creatures (collateral kills)
  A wyvern skeleton (D:7)
  An adder (D:2)
  A shadow imp (D:7)
  An orc (D:3)
  4 jackals (D:2)
8 creatures vanquished.

Grand Total: 145 creatures vanquished

Notes
Turn   | Place    | Note
-------+----------+-------------------------------------------
     0 | D:1      | mortelune the Octopode Transmuter began the quest for the
                  | Orb.
     0 | D:1      | Reached XP level 1. HP: 13/13 MP: 3/3
   228 | D:1      | Reached XP level 2. HP: 18/18 MP: 5/5
   232 | D:1      | Learned a level 2 spell: Sticks to Snakes
  1078 | D:1      | Reached XP level 3. HP: 10/23 MP: 4/6
  1550 | D:2      | Found a sacrificial altar of Ru.
  1892 | D:2      | Found an ornate altar of the Wu Jian Council.
  2176 | D:2      | Reached skill level 4 in Unarmed Combat
  2411 | D:2      | Learned a level 3 spell: Spider Form
  2501 | D:2      | Reached XP level 4. HP: 29/29 MP: 3/7
  2750 | D:2      | Found a glowing silver altar of Zin.
  2751 | D:2      | Noticed an angel
  3092 | D:3      | Found a blossoming altar of Fedhas.
  3092 | D:3      | Found a basalt altar of Yredelemnul.
  4083 | D:3      | Reached XP level 5. HP: 13/34 MP: 2/8
  4482 | D:4      | Noticed an ogre
  4866 | D:4      | Noticed an ogre
  4867 | D:4      | Reached XP level 6. HP: 21/41 MP: 3/10
  4896 | D:4      | Found a shadowy altar of Dithmenos.
  5175 | D:5      | Entered Level 5 of the Dungeon
  5184 | D:5      | Reached skill level 5 in Unarmed Combat
  5734 | D:5      | Noticed Grinder
  5746 | D:5      | Killed Grinder
  5746 | D:5      | Reached XP level 7. HP: 46/46 MP: 10/12
  5962 | D:5      | Learned a level 4 spell: Ice Form
  6224 | D:5      | Reached skill level 6 in Unarmed Combat
  7337 | D:4      | Reached XP level 8. HP: 52/54 MP: 8/13
  7485 | D:4      | Became a worshipper of Dithmenos the Shadowed
  7495 | D:4      | Reached skill level 1 in Ice Magic
  7854 | D:3      | Reached skill level 5 in Transmutations
  8572 | D:5      | Reached skill level 7 in Unarmed Combat
  9025 | D:6      | Found an iron altar of Okawaru.
  9158 | D:6      | Found a snail-covered altar of Cheibriados.
  9193 | D:7      | Reached XP level 9. HP: 59/59 MP: 10/14
  9276 | D:7      | Reached skill level 5 in Fighting
  9276 | D:7      | Reached skill level 8 in Unarmed Combat
  9311 | D:7      | Noticed a hellwing
  9328 | D:6      | Killed from afar by an orc priest

Levels and vault maps discovered:
D:1:      dpeg_arrival_erosion, layout_rooms, corner_web_ring
D:2:      minmay_angry_zag, layout_basic, zin_angel,
          nicolae_overflow_crystal_walls, nicolae_ru_awakened_eye
D:3:      layout_loops_cross, chequers_temple_overflow_statue_of_worship,
          minmay_joined_circles
D:4:      layout_rooms, first_ration, nicolae_dithmenos_the_darkroom
D:5:      layout_basic, uniq_grinder
D:6:      layout_gridville, kennysheep_little_box, lemuel_round_altar,
          lemuel_round_altar, makhleb_altar_promises_db
D:7:      cheibrodos_grave_circle, layout_cave_pools,
          nicolae_overflow_hidden_temple, vehumet_statue, the_bakery, uniq_pikel

Skill      XL: |  1  2  3  4  5  6  7  8  9 |
---------------+----------------------------+-----
Unarmed Combat | 4 5 6 7 8 |  8.5
Fighting       | 2 3 4 5 |  5.3
Transmutations | 3 4 5 7 |  7.1
Spellcasting   | 3 |  3.8
Ice Magic      | 2 3 |  3.7
Dodging        | |  2.6

Action                   |  1- 3 |  4- 6 |  7- 9 || total
-------------------------+-------+-------+-------++-------
Melee: Unarmed           |    89 |   126 |   160 ||   375
       Constrict         |    26 |    16 |     6 ||    48
       Kick              |     9 |     7 |    11 ||    27
       Tentacles         |     6 |    10 |     4 ||    20
       Punch             |     1 |     1 |       ||     2
 Fire: Hunting sling     |       |    61 |    13 ||    74
Throw: Stone             |       |       |     1 ||     1
 Cast: Beastly Appendage |     9 |    18 |     6 ||    33
       Sticks to Snakes  |     7 |     7 |     7 ||    21
       Spider Form       |     1 |    10 |     6 ||    17
       Ice Form          |       |       |    11 ||    11
  Use: Scroll            |     2 |     5 |     3 ||    10
       Potion            |       |     2 |     2 ||     4
 Stab: Sleeping          |     6 |     3 |     1 ||    10
       Distracted        |       |       |     1 ||     1
  Eat: Chunk             |     5 |     3 |     1 ||     9
       Ration            |       |     3 |     4 ||     7
Armor: Skin              |     3 |    18 |    24 ||    45
Dodge: Dodged            |    50 |   128 |    82 ||   260
Block: Other             |       |     1 |     7 ||     8
